 Dungeon Crawl Stone Soup version 0.22.0-27-ga576289 (webtiles) character file.

1997 iamserjio the Magician (level 9, 28/65 HPs)
             Began as a Gnoll Earth Elementalist on Aug 22, 2018.
             Was a Follower of Cheibriados.
             Quit the game on level 9 of the Dungeon.
             The game lasted 00:19:09 (2534 turns).

iamserjio the Magician (Gnoll Earth Elementalist)   Turns: 2534, Time: 00:19:10

Health: 28/65      AC:  5    Str: 12    XL:     9   Next: 21%
Magic:  0/18       EV: 17    Int: 18    God:    Cheibriados [*.....]
Gold:   403        SH:  0    Dex: 20    Spells: 6/20 levels left

rFire    . . .     SeeInvis .   M - +1 mace (crush)
rCold    . . .     Gourm    .   (no shield)
rNeg     . . .     Faith    .   c - +0 robe
rPois    .         Spirit   .   (no helmet)
rElec    .         Reflect  .   O - +0 cloak
rCorr    .         Harm     .   i - +0 pair of gloves
MR       .....                  I - +0 pair of boots
Stlth    +++.......             F - amulet of rage
HPRegen  0.20/turn              j - +2 ring of dexterity
MPRegen  0.16/turn              Q - -5 ring of intelligence

@: very slow
A: distributed training, fangs 1, strong nose
a: Bend Time, Renounce Religion, Evoke Berserk Rage


You were on level 9 of the Dungeon.
You worshipped Cheibriados.
Cheibriados was aware of your devotion.
You were not hungry.

You visited 2 branches of the dungeon, and saw 10 of its levels.
You also visited: Ossuary.

You collected 403 gold pieces.

Inventory:

Hand Weapons
 l - a +0 whip
 o - a +3 halberd
 p - a +0 flail
 s - a +0 trident
 M - a +1 mace of crushing (weapon)
 N - a +4 quarterstaff of chaos
Missiles
 f - a throwing net {!f}
 w - 82 arrows
 x - 181 stones (quivered)
 R - 11 javelins of penetration
Armour
 c - a +0 robe (worn)
 i - a +0 pair of gloves (worn)
 u - a +2 leather armour of poison resistance
 v - a +0 shield
 E - a cursed -2 shield
 I - a +0 pair of boots (worn)
 O - a +0 cloak (worn)
Jewellery
 j - a +2 ring of dexterity (left hand)
 F - an amulet of rage (around neck)
 Q - a -5 ring of intelligence (right hand)
Wands
 C - a wand of enslavement (13)
 L - a wand of flame (28)
Scrolls
 e - 2 scrolls of amnesia {unknown}
 g - 2 scrolls of teleportation {unknown}
 k - a scroll of noise {unknown}
 n - 8 scrolls of remove curse {@r2}
 q - 2 scrolls of fear {unknown}
 t - a scroll of magic mapping
 y - a scroll of blinking {unknown}
 G - a scroll of fog {unknown}
 H - 2 scrolls of enchant weapon {unknown}
 K - a scroll of immolation {unknown}
Potions
 a - 4 potions of haste {unknown}
 b - 3 potions of curing {@q1}
 h - a potion of degeneration {unknown}
 m - 6 potions of heal wounds
 r - 2 potions of brilliance
 z - 3 potions of flight
 A - 2 potions of resistance {unknown}
 B - a potion of lignification {unknown}
 D - a potion of agility
 J - a potion of invisibility {unknown}
 S - 2 potions of cancellation {unknown}
Comestibles
 d - 13 rations


   Skills:
 + Level 3.9 Fighting
 + Level 3.9 Short Blades
 + Level 3.9 Long Blades
 + Level 3.9 Axes
 + Level 3.9 Maces & Flails
 + Level 3.9 Polearms
 + Level 3.9 Staves
 + Level 3.9 Slings
 + Level 3.9 Bows
 + Level 3.9 Crossbows
 + Level 3.9 Throwing
 + Level 3.9 Armour
 + Level 6.1 Dodging
 + Level 5.8 Stealth
 + Level 3.9 Shields
 + Level 3.9 Unarmed Combat
 + Level 6.4 Spellcasting
 + Level 3.2 Conjurations
 + Level 3.2 Hexes
 + Level 3.2 Charms
 + Level 3.2 Summonings
 + Level 3.2 Necromancy
 + Level 3.2 Translocations
 + Level 3.9 Transmutations
 + Level 3.2 Fire Magic
 + Level 3.2 Ice Magic
 + Level 3.2 Air Magic
 + Level 6.4 Earth Magic
 + Level 3.2 Poison Magic
 + Level 4.3 Invocations
 + Level 3.9 Evocations


You had 6 spell levels left.
You knew the following spells:

 Your Spells              Type           Power        Failure   Level  Hunger
a - Sandblast             Erth           ####..       1%          1    None
b - Stone Arrow           Conj/Erth      ###...       4%          3    ##.....
c - Passwall              Tmut/Erth      ###.....     1%          2    None
d - Lee's Rapid Deconstr  Erth           ####......   22%         5    #####..
e - Call Canine Familiar  Summ           ###.....     9%          3    ##.....

Your spell library contained the following spells:

 Spells                   Type           Power        Failure   Level  Hunger
 Summon Small Mammal      Summ           ###.         3%          1    None
 Call Imp                 Summ           ###.....     4%          2    None
 Summon Guardian Golem    Hex/Summ       ###.....     9%          3    ##.....
 Petrify                  Tmut/Erth      ###.....     14%         4    ####...
 Summon Ice Beast         Ice/Summ       ###.....     30%         4    ####...
 Summon Lightning Spire   Summ/Air       ###.....     30%         4    ####...
 Bolt of Magma            Conj/Fire/Erth ###.......   47%         5    #####..
 Iskenderun's Battlesphe  Conj/Chrm      ###.....     63%         5    #####..
 Venom Bolt               Conj/Pois      ###.......   63%         5    #####..
 Iron Shot                Conj/Erth      ###.......   94%         6    #######
 Orb of Destruction       Conj           ###.......   100%        7    #######
 Spellforged Servitor     Conj/Summ      ###.......   100%        7    #######


Dungeon Overview and Level Annotations

Branches:
Dungeon (9/15)             Temple (1/1) D:7
   Lair: D:8-11         Orc: D:9-12

Altars:
Ashenzari
Cheibriados
Dithmenos
Elyvilon
Gozag
Hepliaklqana
Kikubaaqudgha
Makhleb
Nemelex Xobeh
Okawaru
Qazlal
Ru
Trog
Uskayaw
Vehumet
Wu Jian
Xom
Yredelemnul
Zin
The Shining One

Annotations:
D:7 1 transporter, Lew's ghost, novice GrFi


Innate Abilities, Weirdness & Mutations

Your experience applies equally to all skills.
You have very sharp teeth.
Your uncanny sense of smell can sniff out nearby items.


Message History

The yak misses you.
Casting: Sandblast (safe; 1% risk of failure)
Confirm with . or Enter, or press ? or * to list all spells.
Aiming: Sandblast (safe; 1% risk of failure)
Press: ? - help, Shift-Dir - straight line, f/p - yak
Aim: a yak (almost dead)
The blast of sand hits the yak.
You kill the yak!
Cheibriados appreciates the change of pace.
x - 181 stones The yak bellows!
The ice beast closely misses you.
You hit the ice beast but do no damage. The ice beast misses you.
A yak comes into view.
You barely miss the ice beast. The ice beast hits you.
* * * LOW HITPOINT WARNING * * *
The ice beast freezes you!
* * * LOW HITPOINT WARNING * * *
The ice beast hits you but does no damage.
Are you sure you want to abandon this character and quit the game? (Confirm with "yes".)

.........########..
#.. .........# ##+
!........#
.........#
.........#
.........########
...........†.....
####....%........
#...@..#######
#....Y.# #..)YY.#
#..Y.Y.# #......#
#...Y..# ........
..........


You could see 5 yaks and an ice beast.

Vanquished Creatures
  An orc warrior (D:8)
  A yak (D:9)
  2 ice beasts
  A phantom (D:7)
  A sky beast (D:7)
  A centaur (D:5)
  A big kobold (D:8)
  3 bullfrogs
  A scorpion (D:7)
  A wight (D:9)
  2 crimson imps
  A jelly (D:4)
  4 hounds
  4 orc wizards
  Crazy Yiuf (D:5)
  A centaur skeleton (D:8)
  A bullfrog skeleton (D:8)
  An iguana (D:4)
  6 worker ants
  A killer bee zombie (D:5)
  A hound zombie (D:5)
  2 hound skeletons
  3 gnolls (D:3)
  7 adders
  2 shadow imps (D:6)
  3 adder skeletons
  A dart slug (D:3)
  5 worms
  A leopard gecko (D:7)
  17 orcs
  A giant cockroach (Temple)
  3 goblins
  5 hobgoblins
  5 jackals
  5 quokkas
  2 bats
  A frilled lizard (D:4)
  12 kobolds
  A leopard gecko skeleton (D:6)
  A leopard gecko zombie (D:6)
  2 rats (D:3)
115 creatures vanquished.

Vanquished Creatures (collateral kills)
  An ogre (D:8)
  A crimson imp (D:8)
  An orc (D:8)
  A kobold (D:8)
4 creatures vanquished.

Grand Total: 119 creatures vanquished

Notes
Turn   | Place    | Note
-------+----------+-------------------------------------------
     0 | D:1      | iamserjio the Gnoll Earth Elementalist began the quest for the Orb.
     0 | D:1      | Reached XP level 1. HP: 13/13 MP: 6/6
    48 | D:1      | You fall through a shaft!
    50 | D:2      | Reached XP level 2. HP: 19/19 MP: 2/7
   149 | D:3      | Reached skill level 5 in Spellcasting
   149 | D:3      | Reached XP level 3. HP: 25/25 MP: 5/9
   181 | D:2      | Reached skill level 1 in Invocations
   333 | D:3      | Reached skill level 1 in Fighting
   333 | D:3      | Reached skill level 1 in Short Blades
   333 | D:3      | Reached skill level 1 in Long Blades
   333 | D:3      | Reached skill level 1 in Axes
   333 | D:3      | Reached skill level 1 in Maces & Flails
   333 | D:3      | Reached skill level 1 in Polearms
   333 | D:3      | Reached skill level 1 in Staves
   333 | D:3      | Reached skill level 1 in Slings
   333 | D:3      | Reached skill level 1 in Bows
   333 | D:3      | Reached skill level 1 in Crossbows
   333 | D:3      | Reached skill level 1 in Throwing
   333 | D:3      | Reached skill level 1 in Armour
   333 | D:3      | Reached skill level 1 in Shields
   333 | D:3      | Reached skill level 1 in Unarmed Combat
   333 | D:3      | Reached skill level 1 in Evocations
   342 | D:3      | Reached XP level 4. HP: 32/32 MP: 7/11
   388 | D:4      | Reached skill level 1 in Conjurations
   388 | D:4      | Reached skill level 1 in Hexes
   388 | D:4      | Reached skill level 1 in Charms
   388 | D:4      | Reached skill level 1 in Summonings
   388 | D:4      | Reached skill level 1 in Necromancy
   388 | D:4      | Reached skill level 1 in Translocations
   388 | D:4      | Reached skill level 1 in Fire Magic
   388 | D:4      | Reached skill level 1 in Ice Magic
   388 | D:4      | Reached skill level 1 in Air Magic
   388 | D:4      | Reached skill level 1 in Poison Magic
   435 | D:4      | Found a shimmering altar of Xom.
   470 | D:4      | Reached XP level 5. HP: 27/37 MP: 8/12
   529 | D:4      | Reached XP level 6. HP: 24/44 MP: 3/13
   539 | D:4      | Learned a level 3 spell: Stone Arrow
   658 | D:4      | Found a sand-covered staircase.
   674 | Ossuary  | Entered an ossuary
   784 | D:5      | Entered Level 5 of the Dungeon
   784 | D:5      | Found an opulent altar of Gozag.
   811 | D:5      | Noticed an ice beast
   822 | D:4      | Reached skill level 5 in Dodging
  1112 | D:4      | Killed an ice beast
  1112 | D:4      | Reached XP level 7. HP: 29/50 MP: 8/15
  1153 | D:6      | Found a shadowy altar of Dithmenos.
  1262 | D:5      | Reached skill level 5 in Stealth
  1413 | D:6      | Reached XP level 8. HP: 26/57 MP: 9/16
  1576 | D:6      | Found a shattered altar of Ashenzari.
  1577 | D:6      | Found a hazy altar of Hepliaklqana.
  1765 | D:5      | Found a runed door.
  1770 | D:5      | Noticed Crazy Yiuf
  1772 | D:5      | Killed Crazy Yiuf
  1985 | D:7      | Found a staircase to the Ecumenical Temple.
  1996 | Temple   | Entered the Ecumenical Temple
  2038 | Temple   | Became a worshipper of Cheibriados the Contemplative
  2097 | D:7      | Learned a level 2 spell: Passwall
  2103 | D:7      | Learned a level 5 spell: Lee's Rapid Deconstruction
  2107 | D:7      | Learned a level 3 spell: Call Canine Familiar
  2112 | D:7      | Noticed a vampire
  2132 | D:7      | Found a transporter.
  2132 | D:7      | Noticed Lew's ghost (novice GrFi)
  2156 | D:8      | Found a burning altar of Makhleb.
  2156 | D:8      | Found a stormy altar of Qazlal.
  2331 | D:8      | Found a glowing golden altar of the Shining One.
  2389 | D:8      | Reached XP level 9. HP: 23/65 MP: 0/18
  2465 | D:9      | Reached * piety under Cheibriados
  2534 | D:9      | Quit the game

Skill      XL: |  1  2  3  4  5  6  7  8 |
---------------+-------------------------+-----
Transmutations | 2 3 |  3.9
Spellcasting   | 5 6 |  6.4
Invocations    | 1 2 3 4 |  4.3
Fighting       | 1 2 3 |  3.9
Short Blades   | 1 2 3 |  3.9
Long Blades    | 1 2 3 |  3.9
Axes           | 1 2 3 |  3.9
Maces & Flails | 1 2 3 |  3.9
Polearms       | 1 2 3 |  3.9
Staves         | 1 2 3 |  3.9
Slings         | 1 2 3 |  3.9
Bows           | 1 2 3 |  3.9
Crossbows      | 1 2 3 |  3.9
Throwing       | 1 2 3 |  3.9
Armour         | 1 2 3 |  3.9
Shields        | 1 2 3 |  3.9
Unarmed Combat | 1 2 3 |  3.9
Evocations     | 1 2 3 |  3.9
Conjurations   | 1 2 3 |  3.2
Hexes          | 1 2 3 |  3.2
Charms         | 1 2 3 |  3.2
Summonings     | 1 2 3 |  3.2
Necromancy     | 1 2 3 |  3.2
Translocations | 1 2 3 |  3.2
Fire Magic     | 1 2 3 |  3.2
Ice Magic      | 1 2 3 |  3.2
Air Magic      | 1 2 3 |  3.2
Poison Magic   | 1 2 3 |  3.2
Dodging        | 5 6 |  6.1
Stealth        | 5 |  5.8
Earth Magic    | 6 |  6.4

Action                   |  1- 3 |  4- 6 |  7- 9 || total
-------------------------+-------+-------+-------++-------
Melee: Trident           |       |    19 |    14 ||    33
       Bite              |       |     3 |     4 ||     7
       Punch             |       |       |     1 ||     1
       Mace              |       |       |    20 ||    20
 Cast: Sandblast         |    23 |    60 |   106 ||   189
       Stone Arrow       |       |     6 |    23 ||    29
Evoke: Wand              |       |       |     6 ||     6
  Use: Scroll            |       |     5 |     2 ||     7
       Potion            |       |       |     1 ||     1
  Eat: Chunk             |       |     1 |     3 ||     4
       Ration            |       |       |     1 ||     1
Armor: Robe              |     4 |     7 |    18 ||    29
Dodge: Dodged            |       |    54 |    79 ||   133
